 Dungeon Crawl Stone Soup version 0.32-a0-909-gc671339a80 (webtiles) character file.

Game seed: 15324121373608745957

128748 olmar the Wrestler (level 16, 0/152 HPs)
             Began as a Troll Warper on Apr 6, 2024.
             Was the Champion of Ru.
             Slain by a merfolk
             ... wielding a +0 trident
              (11 damage)
             ... on level 2 of the Shoals.
             The game lasted 00:53:00 (23361 turns).

olmar the Wrestler (Troll Warper)                  Turns: 23361, Time: 00:53:01

Health: 0/152      AC: 17    Str: 35    XL:     16   Next: 49%
Magic:  2/16       EV:  8    Int:  9    God:    Ru [******]
Gold:   435        SH:  5    Dex:  9    Spells: 12/17 levels left

rFire   + +          .
                       - Unarmed
rCold   x . .        (no shield)
rNeg    . . .        R - +0 fire dragon scales
rPois   .            (helmet restricted)
rElec   .            O - scarf {repulsion}
rCorr   .            (gloves unavailable)
SInv    .            (boots unavailable)
Will    +....        k - amulet of reflection Stlth
                     a - +4 ring of protection
HPRegen 1.25/turn    v - +6 ring of strength
MPRegen 0.15/turn

%: repel missiles, reflection
@: afraid, studying Fire Magic, unable to drink
A: large, unfitting armour, claws 3, regeneration 1, screaming 1, shaggy fur 1,
tough skin 1, inability to drink after injury 2, no stealth, hated by all, no
earth magic, no hexes magic, no necromancy magic, unskilled 1, no forms
a: Renounce Religion, Draw Out Power, Power Leap, Apocalypse


You were on level 2 of the Shoals.
You worshipped Ru.
Ru was exalted by your worship.
You visited 5 branches of the dungeon, and saw 25 of its levels.
You visited 1 bazaar.
You also visited: Ossuary and Ice Cave.

You collected 2672 gold pieces.
You spent 2237 gold pieces at shops.

Inventory:

Missiles
 c - a dart of dispersal
 f - 41 boomerangs
 g - 55 poisoned darts
 q - 3 throwing nets
 D - 31 large rocks (quivered)
 N - a curare-tipped dart
Armour
 F - +0 acid dragon scales
 G - a +3 troll leather armour {Snorg}
 H - a scarf of resistance
 O - a scarf of repulsion (worn)
 R - +0 fire dragon scales (worn)
 T - the +1 cloak of the World {+Inv rC++ Dex+4}
   (You found it in an ice cave)

   Dex+4:     It affects your dexterity (+4).
   rC++:      It greatly protects you from cold.
   +Inv:      It lets you turn invisible.
Jewellery
 a - a +4 ring of protection (left claw)
 k - an amulet of reflection (around neck)
 o - a ring of protection from fire
 v - a +6 ring of strength (right claw)
 I - a ring of protection from cold
 S - an amulet of regeneration
 U - a ring of protection from cold
Wands
 h - a wand of mindburst (8)
 u - a wand of polymorph (3)
 y - a wand of warping (16)
 K - a wand of flame (66)
 L - a wand of quicksilver (4)
 P - a wand of digging (13)
Scrolls
 b - 2 scrolls of blinking
 j - 3 scrolls of vulnerability
 l - 8 scrolls of fear
 n - 4 scrolls of noise
 p - 4 scrolls of teleportation
 t - 2 scrolls of revelation
 w - 6 scrolls of fog
 x - 2 scrolls of immolation
 Q - 4 scrolls of poison
 W - 8 scrolls of identify
 Y - 2 scrolls of enchant armour
Potions
 d - 4 potions of might
 e - 12 potions of heal wounds
 i - 21 potions of curing
 m - 3 potions of brilliance
 r - a potion of berserk rage
 s - a potion of enlightenment
 z - 2 potions of resistance
 A - 2 potions of attraction
 B - 5 potions of magic
 C - 3 potions of invisibility
 E - 8 potions of haste
 J - 2 potions of lignification
 M - 4 potions of mutation
 Z - a potion of cancellation
Miscellaneous
 V - a Gell's gravitambourine (inert)
 X - a lightning rod (1/4)


   Skills:
 + Level 8.0 Fighting
 + Level 3.5 Throwing
 + Level 9.4 Armour
 + Level 2.9 Dodging
 - Level 0.3 Shields
 + Level 22.5 Unarmed Combat
 - Level 1.1 Spellcasting
 + Level 3.1 Translocations


You had 12 spell levels left.
You knew the following spells:

 Your Spells              Type           Power      Damage    Failure   Level
a - Blink                 Tloc           12%        N/A       30%         2
b - Maxwell's Portable P  Tloc           6%         2d(5-15)  52%         3

Your spell library contained the following spells:

 Spells                   Type           Power      Damage    Failure   Level
 Lesser Beckoning         Tloc           12%        N/A       30%         2
 Momentum Strike          Conj/Tloc      6%         3d8       50%         2
 Teleport Other           Tloc           6%         N/A       52%         3
 Freeze                   Ice            0%         1d3       56%         1
 Sting                    Conj/Alch      0%         1d3       56%         1
 Mercury Vapours          Alch/Air       0%         N/A       71%         2
 Scorch                   Fire           0%         2d5       71%         2
 Static Discharge         Conj/Air       0%         3-3/arc   71%         2
 Frozen Ramparts          Ice            0%         1d1       91%         3
 Hailstorm                Conj/Ice       0%         3d5       91%         3
 Mephitic Cloud           Conj/Alch/Air  0%         N/A       91%         3
 Ozocubu's Armour         Ice            0%         N/A       91%         3
 Vhi's Electric Charge    Tloc/Air       6%         N/A       98%         4
 Flame Wave               Conj/Fire      0%         2d4       100%        4
 Ignite Poison            Fire/Alch      0%         N/A       100%        4
 Olgreb's Toxic Radiance  Alch           0%         N/A       100%        4
 Sticky Flame             Fire/Alch      0%         2d4       100%        4
 Arcjolt                  Conj/Air       0%         1d10      100%        5
 Freezing Cloud           Conj/Ice/Air   0%         6-21      100%        5
 Irradiate                Conj/Alch      0%         3d11      100%        5
 Iskenderun's Battlesphe  Conj           0%         2d6       100%        5
 Dispersal                Tloc           3%         N/A       100%        6
 Gell's Gavotte           Tloc           3%         2d(12-18) 100%        6
 Plasma Beam              Fire/Air       0%         2x1d10    100%        6
 Manifold Assault         Tloc           3%         N/A       100%        7
 Ignition                 Fire           0%         3d3       100%        8
 Chain Lightning          Conj/Air       0%         N/A       100%        9
 Summon Small Mammal      Summ           Unusable   N/A       N/A         1
 Sublimation of Blood     Necr           Unusable   N/A       N/A         2
 Call Canine Familiar     Summ           Unusable   N/A       N/A         3
 Fugue of the Fallen      Necr           Unusable   N/A       N/A         3
 Inner Flame              Hex/Fire       Unusable   N/A       N/A         3
 Petrify                  Alch/Erth      Unusable   N/A       N/A         4
 Summon Blazeheart Golem  Fire/Summ      Unusable   N/A       N/A         4
 Summon Lightning Spire   Summ/Air       Unusable   N/A       N/A         4
 Bombard                  Conj/Erth      Unusable   9d1       N/A         6
 Summon Cactus Giant      Summ           Unusable   N/A       N/A         6
 Spellforged Servitor     Conj/Summ      Unusable   N/A       N/A         7

Dungeon Overview and Level Annotations

Branches:
Dungeon (15/15)            Temple (0/1) D:7            Lair (5/5) D:10
 Shoals (2/4) Lair:2        Snake (0/4) Lair:2        Slime (0/5) Lair:5
    Orc (2/2) D:12            Elf (0/3) Orc:2        Vaults (0/5) D:13
 Depths (1/4) D:15        Ossuary (visited)           IceCv (visited)

Altars:
Ashenzari
Cheibriados
Dithmenos
Elyvilon
Kikubaaqudgha
Makhleb
Nemelex Xobeh
Qazlal
Ru
Sif Muna
Uskayaw
Vehumet
Wu Jian
The Shining One

Shops:
D:2 !   D:4 :   D:12 *   D:15 :[   Orc:2 [=!   Shoals:1 !   Shoals:2 ?

Portals:
Trove: D:14 (give +5 fire dragon scales)

Annotations:
D:5 2 transporters
D:14 1 runed translucent door, Dyn Saduc's ghost, journeyman OnCA
Lair:1 2 transporters, exclusions: ice statue and oklob plant, smashvw's ghost, novice FeSu


Innate Abilities, Weirdness & Mutations

You are too large for most types of armour.
You have claws for hands.
Your natural rate of healing is unusually fast.
You occasionally shout uncontrollably at your foes.
You are covered in fur. (AC +1)
You have tough skin. (AC +1)
You sometimes lose the ability to drink potions when taking damage.
You cannot be stealthy.
You are hated by all.
You cannot study or cast Earth magic.
You cannot study or cast Hexes magic.
You cannot study or cast Necromancy magic.
You are somewhat unskilled. (-1 Apt)
You cannot voluntarily change form.


Message History

Aim: a merfolk, wielding a +0 trident and quivering boomerangs (black smoke, water, lightly wounded, softly glowing)
You rattle the tambourine.
Waves of gravity draw inward around the merfolk.
The merfolk is pinned by gravity. x2; The satyr is pinned by gravity.
The merfolk throws a boomerang.
The boomerang is repelled.
The merfolk hits you but does no damage.
Unknown command.
Unknown command.
Okay, then.
Aiming: Thunderbolt
Press: ? - help, Shift-Dir - straight line, f/p - merfolk
Aim: a merfolk, wielding a +0 trident and quivering boomerangs (black smoke, water, moderately wounded, softly glowing, bound in place)
The thunderbolt hits the merfolk!
The merfolk is severely wounded.
The thunderbolt hits the merfolk!!
The merfolk is severely wounded.
You hear a shout!
The satyr begins to cast a spell, but is stunned by your conviction!
The merfolk throws a boomerang.
The boomerang completely misses you. The merfolk hits you with a +0 trident!
* * * LOW HITPOINT WARNING * * *
Unknown command.
Unknown command.
Aiming: Thunderbolt
Press: ? - help, Shift-Dir - straight line, f - snapping turtle, p - merfolk
Aim: a snapping turtle (water)
The thunderbolt hits the merfolk!!
You kill the merfolk!
You hear a splash. x2
The thunderbolt hits the merfolk!
The merfolk is almost dead.
The thunderbolt hits the satyr!
The satyr is heavily wounded.
The thunderbolt hits the snapping turtle.
The snapping turtle is lightly wounded.
The satyr shoots an arrow.
You block the arrow with an invisible shield... and reflect it back!
The arrow barely misses the satyr.
The merfolk hits you with a +0 trident!
You die...
Ru respects your ultimate sacrifice.

##.......# #....~~
#..~~..~.# #.~....
#..≈≈~~..# #.)~...
##.≈≈≈≈...# #....#.
##.~≈≈≈≈~..# #....#.
#.~~≈≈≈t..# ##..~..
##..≈§§c.### ###.##
...~§§m§§# #.#.
~~~≈≈§§@§# #...
≈≈≈≈≈≈§§§# #..≈
≈≈≈≈≈≈§§§### ###..~
≈≈≈≈≈≈≈~~~.## ##..~.~
≈≈≈≈≈≈≈~~..~# #..~#~≈
≈≈≈≈≈≈≈~~...# #..~~~~
≈≈≈≈≈≈≈≈~~..## ##..~~~~
≈≈≈≈≈≈≈≈≈~~.)####..~~~~~
≈≈≈≈≈≈≈≈≈~~......).~~~~


You could see a satyr (scary), a snapping turtle and a merfolk.

Vanquished Creatures
  Kirke (Lair:4)
  A fire giant (D:14)
  A deep elf annihilator (D:14)
  A dire elephant (Lair:5)
  Snorg (D:10)
  2 ettins (D:15)
  2 fire dragons (D:14)
  A merfolk javelineer (Shoals:2)
  2 merfolk impalers
  The ghost of Fodor the Cleaver, a journeyman MiFi of Gozag (D:10)
  8 hydras
  2 ogre magi
  3 centaur warriors (D:14)
  The ghost of draino the Covert, a journeyman FeSu of Kikubaaqudgha (Lair:3)
  2 catoblepae
  2 ironbound frosthearts (IceCv)
  A merfolk avatar (Lair:5)
  10 two-headed ogres
  4 boulder beetles
  2 tengu warriors
  7 death yaks (IceCv)
  Urug (D:13)
  A shock serpent (shapeshifter) (D:14)
  3 orc high priests (Orc:2)
  A deep troll earth mage (D:14)
  An occultist (D:15)
  Lodul (D:13)
  4 skysharks
  8 sea snakes
  A flayed ghost (D:15)
  A deep troll (D:15)
  A harpy (Lair:5)
  5 orc knights (Orc:2)
  2 obsidian bats
  A necromancer (D:15)
  6 deep elf pyromancers
  3 orc sorcerers (Orc:2)
  3 fauns (Shoals:2)
  6 cyclopes
  6 manticores
  2 oklob plants
  Maurice (D:7)
  3 ugly things
  A salamander (Lair:2)
  4 black mambas
  3 kobold blastminers
  2 merfolk sirens
  26 elephants
  A black mamba (shapeshifter) (D:15)
  An ice statue (IceCv)
  10 cane toads
  A torpor snail (Lair:3)
  6 rime drakes
  2 smoke demons (D:12)
  An unseen horror (D:13)
  10 komodo dragons
  2 yaktaurs (D:14)
  3 tengu conjurers
  17 merfolk
  Grinder (D:6)
  12 polar bears
  6 trolls
  2 wind drakes (Shoals:1)
  4 hornets
  Prince Ribbit (D:9)
  A hornet (shapeshifter) (D:15)
  A raiju (shapeshifter) (D:14)
  4 snapping turtles
  7 blink frogs
  A dream sheep (shapeshifter) (D:14)
  3 slime creatures (D:12)
  2 wyverns
  A shadow (D:10)
  A wyvern (shapeshifter) (D:15)
  113 yaks
  A water elemental (Shoals:1)
  A wraith (D:11)
  2 fire bats (D:12)
  A fire elemental (D:12)
  7 hogs (Lair:4)
  2 basilisks
  2 wargs (Orc:2)
  A steam dragon (Lair:2)
  A redback (D:14)
  20 vampire mosquitoes
  Menkaure (D:6)
  18 water moccasins
  An acid dragon (D:11)
  2 ice beasts
  3 laughing skulls
  17 orc warriors
  3 sky beasts
  2 black bears
  42 wolves
  13 ogres
  5 centaurs
  3 kobold brigands
  An elf zombie (Ossuary)
  8 bullfrogs
  A gnoll sergeant (D:9)
  A scorpion (D:5)
  4 bombardier beetles
  5 howler monkeys
  4 lava snakes (Lair:2)
  2 jellies
  A centaur zombie (Ossuary)
  2 hounds
  A gnoll bouda (D:6)
  14 orc priests
  3 iguanas
  Terence (D:2)
  17 orc wizards
  4 ogre zombies (Ossuary)
  7 mummies (Ossuary)
  11 adders
  17 gnolls
  2 ufetubi (D:5)
  5 adder zombies (Ossuary)
  3 dart slugs
  A ribbon worm (D:4)
  56 orcs
  8 ball pythons
  4 endoplasms
  A giant cockroach (D:1)
  A gnoll zombie (Ossuary)
  7 goblins
  7 hobgoblins
  8 jackals
  8 quokkas
  9 bats
  3 frilled lizards
  4 goblin zombies (Ossuary)
  5 hobgoblin zombies (Ossuary)
  25 kobolds
  4 kobold zombies (Ossuary)
  4 quokka zombies (Ossuary)
  5 rats
  A rat zombie (Ossuary)
789 creatures vanquished.

Vanquished Creatures (others)
  A hydra (D:14)
  A torpor snail (Lair:5)
  A yak (IceCv)
3 creatures vanquished.

Grand Total: 792 creatures vanquished

Notes
Turn   | Place    | Note
-------+----------+-------------------------------------------
     0 | D:1      | olmar the Troll Warper began the quest for the Orb.
     0 | D:1      | Reached XP level 1. HP: 19/19 MP: 1/1
   188 | D:1      | Reached XP level 2. HP: 28/28 MP: 2/2
   557 | D:1      | Reached XP level 3. HP: 28/35 MP: 3/3
   771 | D:1      | Learned a level 2 spell: Blink
  1051 | D:2      | Reached skill level 3 in Unarmed Combat
  1117 | D:2      | Found Xiataatu's Distillery.
  1142 | D:2      | Reached XP level 4. HP: 42/42 MP: 4/4
  1246 | D:2      | Found a hazy altar of Hepliaklqana.
  1336 | D:2      | Noticed Terence
  1953 | D:3      | Identified the +5 dagger of Eternal Vigilance {heavy, rElec
                  | Int-2 Dex+3}
  2168 | D:3      | Reached skill level 4 in Unarmed Combat
  2168 | D:3      | Reached XP level 5. HP: 49/49 MP: 5/5
  2275 | D:4      | Found a sand-covered staircase.
  2295 | Ossuary  | Entered an ossuary
  2404 | Ossuary  | Reached skill level 5 in Unarmed Combat
  2413 | Ossuary  | Reached XP level 6. HP: 57/57 MP: 6/6
  2655 | Ossuary  | Reached skill level 6 in Unarmed Combat
  2904 | D:4      | Found a shimmering blue altar of Sif Muna.
  2948 | D:4      | Found Pen Kiy's Book Emporium.
  3768 | D:5      | Entered Level 5 of the Dungeon
  3780 | D:5      | Reached XP level 7. HP: 57/66 MP: 7/7
  3842 | D:5      | Reached skill level 7 in Unarmed Combat
  4058 | D:5      | Found a transporter.
  4101 | D:5      | Found a transporter.
  4118 | D:5      | Reached skill level 8 in Unarmed Combat
  4283 | D:5      | Found a sparkling altar of Nemelex Xobeh.
  4283 | D:5      | Found a radiant altar of Vehumet.
  4443 | D:6      | Found a glowing golden altar of the Shining One.
  4519 | D:6      | Reached XP level 8. HP: 23/73 MP: 3/8
  4686 | D:6      | Reached skill level 9 in Unarmed Combat
  4864 | D:6      | Noticed Menkaure
  4871 | D:6      | Killed Menkaure
  4872 | D:6      | Reached skill level 1 in Armour
  4924 | D:6      | Noticed Grinder
  4952 | D:6      | Killed Grinder
  4953 | D:6      | Reached skill level 10 in Unarmed Combat
  5088 | D:2      | Killed Terence
  5281 | D:7      | Reached XP level 9. HP: 74/83 MP: 9/9
  5446 | D:7      | Noticed Maurice
  5450 | D:7      | Killed Maurice
  5451 | D:7      | Reached skill level 11 in Unarmed Combat
  5624 | D:7      | Found a broken altar of Ashenzari.
  5636 | D:7      | Found a sacrificial altar of Ru.
  5645 | D:7      | Found a shadowy altar of Dithmenos.
  5656 | D:7      | Found an ancient bone altar of Kikubaaqudgha.
  5659 | D:7      | Found a stormy altar of Qazlal.
  5664 | D:7      | Found a basalt altar of Yredelemnul.
  5681 | D:7      | Became a worshipper of Ru the Awakened
  5783 | D:7      | Found a staircase to the Ecumenical Temple.
  6360 | D:8      | Reached skill level 12 in Unarmed Combat
  6595 | D:8      | Found a burning altar of Makhleb.
  6867 | D:9      | Noticed a two-headed ogre
  6880 | D:9      | Killed a two-headed ogre
  6881 | D:9      | Reached XP level 10. HP: 60/92 MP: 10/10
  6979 | D:9      | Noticed Prince Ribbit
  6985 | D:9      | Killed Prince Ribbit
  7084 | D:9      | Found an ornate altar of the Wu Jian Council.
  7106 | D:9      | Gained mutation: You are hated by all. [Ru sacrifice]
  7106 | D:9      | Reached * piety under Ru
  7185 | D:9      | Found a hide-covered altar of Uskayaw.
  7291 | D:9      | Reached skill level 5 in Armour
  7291 | D:9      | Reached skill level 13 in Unarmed Combat
  7327 | D:9      | Noticed a two-headed ogre
  7335 | D:9      | Killed a two-headed ogre
  7492 | D:9      | Found a snail-covered altar of Cheibriados.
  7736 | D:9      | Found a white marble altar of Elyvilon.
  7939 | D:10     | Entered Level 10 of the Dungeon
  7939 | D:10     | Noticed a red ugly thing
  7942 | D:10     | Killed a red ugly thing
  8012 | D:10     | Reached skill level 14 in Unarmed Combat
  8118 | D:10     | Noticed an elephant
  8126 | D:10     | Killed an elephant
  8127 | D:10     | Reached XP level 11. HP: 89/101 MP: 11/11
  8349 | D:10     | Found a staircase to the Lair.
  8459 | D:10     | Found a runed translucent door.
  8460 | D:10     | Noticed Fodor's ghost (journeyman MiFi)
  8511 | D:10     | Noticed a two-headed ogre
  8513 | D:10     | Noticed a two-headed ogre
  8520 | D:10     | Killed a two-headed ogre
  8522 | D:10     | Killed a two-headed ogre
  8576 | D:10     | Noticed Snorg
  8594 | D:10     | Killed Snorg
  8595 | D:10     | Reached skill level 15 in Unarmed Combat
  8852 | D:10     | Learned a level 3 spell: Maxwell's Portable Piledriver
  9128 | Lair:1   | Entered Level 1 of the Lair of Beasts
  9128 | Lair:1   | Noticed an oklob plant
  9437 | Lair:1   | Paralysed by a hornet for 2 turns
  9440 | Lair:1   | Reached skill level 5 in Fighting
  9474 | Lair:1   | Killed an oklob plant
  9475 | Lair:1   | Reached skill level 16 in Unarmed Combat
  9538 | Lair:1   | Noticed an oklob plant
  9547 | Lair:1   | Found a transporter.
  9584 | Lair:1   | Found a transporter.
  9615 | Lair:1   | Noticed smashvw's ghost (novice FeSu)
  9641 | Lair:1   | Noticed a catoblepas
  9670 | Lair:1   | Killed a catoblepas
 10149 | Lair:2   | Gained mutation: You cannot voluntarily change form. [Ru
                  | sacrifice]
 10149 | Lair:2   | Reached ** piety under Ru
 10188 | Lair:2   | Reached XP level 12. HP: 111/111 MP: 12/12
 10337 | Lair:2   | Noticed a six-headed hydra
 10360 | Lair:2   | Killed a six-headed hydra
 10366 | Lair:2   | Reached skill level 17 in Unarmed Combat
 10542 | Lair:2   | Found a staircase to the Snake Pit.
 10851 | Lair:2   | Found a staircase to the Shoals.
 11105 | Lair:3   | Found a runed translucent door.
 11387 | Lair:3   | Found a runed translucent gate.
 11388 | Lair:3   | Found a runed translucent gate.
 11389 | Lair:3   | Found a runed translucent gate.
 11391 | Lair:3   | Noticed draino's ghost (journeyman FeSu)
 11522 | Lair:3   | Reached skill level 18 in Unarmed Combat
 11748 | Lair:3   | Noticed an eight-headed hydra
 11755 | Lair:3   | Killed an eight-headed hydra
 11799 | Lair:3   | Gained mutation: You occasionally shout uncontrollably at
                  | your foes. [Ru sacrifice]
 12197 | Lair:3   | Noticed a seven-headed hydra
 12236 | Lair:3   | Killed a ten-headed hydra
 12269 | Lair:3   | Found the +8 whip "Snakebite" {venom, curare, rPois}
 12403 | Lair:3   | Killed draino's ghost
 12456 | Lair:4   | Noticed Kirke
 12510 | Lair:1   | Identified the +2 ring mail of Limited Liability {Harm rN+
                  | Int-4 Stlth+}
 12854 | D:11     | Noticed a two-headed ogre
 12873 | D:11     | Reached XP level 13. HP: 79/120 MP: 13/13
 13363 | D:12     | Found a flickering gateway to a bazaar.
 13378 | D:12     | Reached skill level 19 in Unarmed Combat
 13379 | Bazaar   | Entered a bazaar
 13379 | Bazaar   | Found Danuac's Antique Armour Shop.
 13419 | Bazaar   | Found Danuz's Distillery.
 13439 | Bazaar   | Found Satt's Antique Weapon Shop.
 13465 | Bazaar   | Bought a potion of haste for 140 gold pieces
 13465 | Bazaar   | Bought a potion of haste for 140 gold pieces
 13465 | Bazaar   | Bought a potion of heal wounds for 70 gold pieces
 13465 | Bazaar   | Bought a potion of haste for 140 gold pieces
 13465 | Bazaar   | Bought a potion of might for 56 gold pieces
 13465 | Bazaar   | Bought a potion of curing for 42 gold pieces
 13465 | Bazaar   | Bought a potion of mutation for 112 gold pieces
 13601 | D:12     | Found a staircase to the Orcish Mines.
 13652 | D:12     | Found Ygoepnur's Neck Hole.
 13736 | D:12     | Identified the +2 plate armour of the Moneychanger {rC+
                  | Int+2}
 13972 | D:13     | Found a frozen archway.
 14054 | D:13     | Gained mutation: You are somewhat unskilled. (-1 Apt) [Ru
                  | sacrifice]
 14054 | D:13     | Reduced skill Unarmed Combat to level 18
 14054 | D:13     | Reached *** piety under Ru
 14109 | IceCv    | Entered an ice cave
 14742 | IceCv    | Reached skill level 19 in Unarmed Combat
 14742 | IceCv    | Reached XP level 14. HP: 87/131 MP: 14/14
 14814 | IceCv    | Identified the +1 cloak of the World {+Inv rC++ Dex+4}
 15233 | D:13     | Noticed Lodul
 15248 | D:13     | Killed Lodul
 15349 | D:13     | Noticed Urug
 15360 | D:13     | Killed Urug
 15670 | D:13     | Found a gate to the Vaults.
 16165 | D:14     | Gained mutation: You cannot study or cast Earth magic. [Ru
                  | sacrifice]
 16165 | D:14     | Gained mutation: You cannot study or cast Hexes magic. [Ru
                  | sacrifice]
 16165 | D:14     | Gained mutation: You cannot study or cast Necromancy magic.
                  | [Ru sacrifice]
 16165 | D:14     | Reached **** piety under Ru
 16202 | D:14     | Found a runed translucent door.
 16205 | D:14     | Noticed Dyn Saduc's ghost (journeyman OnCA)
 16205 | D:14     | Identified the +2 trident of Ghostly Reinforcement {heavy,
                  | rElec}
 16374 | D:14     | Reached skill level 1 in Throwing
 16421 | D:14     | Reached skill level 20 in Unarmed Combat
 16950 | D:14     | Got the Cyclopedia of the Atmospheric Swarm
 17002 | D:14     | Noticed a fire giant
 17008 | D:14     | Killed a fire giant
 17181 | D:14     | Found a portal to a secret trove of treasure.
 17343 | Orc:1    | Entered Level 1 of the Orcish Mines
 17600 | Orc:2    | Entered Level 2 of the Orcish Mines
 18033 | Orc:2    | Found a staircase to the Elven Halls.
 18086 | Orc:2    | Reached XP level 15. HP: 140/140 MP: 15/15
 18543 | Orc:2    | Found Ovixtut's Antique Armour Shop.
 18543 | Orc:2    | Found Inof's Armour Emporium.
 18553 | Orc:2    | Gained mutation: You cannot be stealthy. [Ru sacrifice]
 18553 | Orc:2    | Reached ***** piety under Ru
 18558 | Orc:2    | Found Sinaurur's Distillery.
 18558 | Orc:2    | Found Sivveod's Jewellery Emporium.
 18566 | Orc:2    | Bought 2 potions of invisibility for 288 gold pieces
 18566 | Orc:2    | Bought a potion of heal wounds for 90 gold pieces
 18566 | Orc:2    | Bought a potion of heal wounds for 90 gold pieces
 18566 | Orc:2    | Bought a potion of haste for 180 gold pieces
 18566 | Orc:2    | Bought 2 potions of haste for 360 gold pieces
 18566 | Orc:2    | Bought a potion of curing for 54 gold pieces
 18894 | Lair:4   | Killed Kirke
 19170 | Lair:4   | Reached skill level 21 in Unarmed Combat
 19460 | Lair:4   | Got the Tractate on Outbursts
 19569 | Lair:4   | Identified the +4 demon whip of the Bashing Penguin {venom,
                  | rF+ Int+3 Dex+3}
 19838 | Lair:5   | Entered Level 5 of the Lair of Beasts
 19854 | Lair:5   | Found a staircase to the Slime Pits.
 20269 | Lair:5   | Identified the +12 rapier of Idogumur {pain, +Blink Str+4
                  | Stlth+}
 20735 | Lair:5   | Reached XP level 16. HP: 128/150 MP: 16/16
 21121 | D:10     | Killed Fodor's ghost
 21303 | D:15     | Entered Level 15 of the Dungeon
 21324 | D:15     | Gained mutation: You occasionally lose the ability to drink
                  | potions when taking damage. [Ru sacrifice]
 21324 | D:15     | Gained mutation: You sometimes lose the ability to drink
                  | potions when taking damage. [Ru sacrifice]
 21324 | D:15     | Reached ****** piety under Ru
 21339 | D:15     | Reached skill level 22 in Unarmed Combat
 21556 | D:15     | Found Jadghetih's Book Shoppe.
 21639 | D:15     | Found a staircase to the Depths.
 21717 | D:15     | Found Zutaofing's Antique Armour Boutique.
 21937 | Depths:1 | Entered Level 1 of the Depths
 22147 | D:12     | Bought a scarf of repulsion for 180 gold pieces
 22304 | Shoals:1 | Entered Level 1 of the Shoals
 22416 | Shoals:1 | Found Raat's Distillery.
 22431 | Shoals:1 | Bought a potion of heal wounds for 90 gold pieces
 22431 | Shoals:1 | Bought a potion of heal wounds for 90 gold pieces
 22698 | Shoals:1 | You fall into a shaft and drop 1 floor!
 22934 | Shoals:2 | Found Wijimigh's Magic Scroll Shop.
 22947 | Shoals:2 | Bought a scroll of teleportation for 33 gold pieces
 22947 | Shoals:2 | Bought a scroll of blinking for 82 gold pieces
 22977 | Shoals:2 | Identified the blade talisman of Snakes and Ladders {Str+3}
 23361 | Shoals:2 | Slain by a merfolk

Illustrated notes

Levels and vault maps discovered:
D:1:      eino_arrival_cavern_e, layout_loops_corners, minivault_25,
          minmay_hexomino_p4
D:2:      layout_loops_ring, basic_altar, serial_shops, shop, uniq_terence
D:3:      layout_rooms, guppyfry_early_lair_pool
D:4:      layout_loops_corners, nicolae_overflow_crystal_walls,
          nicolae_ossuary_entry_monument, serial_shops, nicolae_shop_stone,
          minmay_misc_feat_alley
D:5:      gammafunk_steamed_eel, layout_cave_pools,
          gammafunk_temple_overflow_wave
D:6:      layout_rooms, lemuel_doored_altar, uniq_grinder, uniq_menkaure
D:7:      nicolae_cairo_tiling, layout_rooms,
          nicolae_overflow_hallway_of_the_gods, minmay_misc_feat_cross,
          uniq_maurice
D:8:      layout_gridville, overflow_temple_1_default
D:9:      layout_loops_ring, nicolae_uskayaw_dance_studio,
          nzn_wu_jian_contemplation, lemuel_tele_altar,
          mainiacjoe_overflow_concentric_impassable, uniq_prince_ribbit1
D:10:     layout_loops_ring, grunt_lair_entry_orc_guard_hut,
          gammafunk_ghost_grave, uniq_snorg
D:11:     layout_basic
D:12:     minmay_firetagon, layout_rooms, orc_0_dummy, serial_shops,
          bzr_entry_customers, nicolae_shop_sticking_my_neck_out
D:13:     layout_basic, hellmonk_vaults_attempted_burglary,
          portal_ice_cave_entry_animals_and_master, uniq_lodul, uniq_urug
D:14:     cheibrodos_leafed_vault, layout_small_grid,
          ebering_ghost_funeral_grove, nicolae_trove_entry_diagonal
D:15:     hangedman_depths_entry_civil_slaughter, layout_cave_pools,
          serial_shops, nicolae_shop_pleasant_corner_grove, shop
Lair:1:   layout_big_grid, nzn_ghost_randoct, nicolae_lair_grazing_beasts
          [nicolae_sub_lair_graze_edge, nicolae_sub_lair_graze_edge,
          nicolae_sub_lair_graze_edge, nicolae_sub_lair_graze_edge]
Lair:2:   layout_misc_corridors, mainiacjoe_shoals_entry_four_pools,
          nicolae_snake_entry_warm_welcome
Lair:3:   layout_regular_city, ebering_ghost_rock_garden,
          minmay_lair_oklob_items, pf_torpor_hydra
Lair:4:   minmay_guarded_unrand_snakebite, layout_cellular_growth, uniq_kirke
Lair:5:   gammafunk_lair_ancient_temple, layout_cellular_growth, slime_entry_1,
          minmay_hedge_maze
Shoals:1: layout_shoals, serial_shops, nicolae_diamond_shop,
          nzn_prometheus_bound
Shoals:2: layout_shoals, serial_shops, nicolae_shop_hallway_plus,
          nicolae_shoals_flooded_hall
Orc:1:    layout_caves
Orc:2:    grunt_orc_tribal_feast, layout_diamond_mine
Depths:1: nzn_winding_woodlands_cross [nzn_winding_woodlands_5x15_eye,
          nzn_winding_woodlands_5x15_default, nzn_winding_woodlands_5x15_zeroes,
          nzn_winding_woodlands_5x15_concentric,
          nzn_winding_woodlands_15x15_five_gardens], layout_small_grid,
          grunt_pan_entry_spiral, serial_shops, nicolae_shop_just_a_little_nook,
          hell_entry, nicolae_dithmenos_through_a_glass_darkly

Skill      XL: |  1  2  3  4  5  6  7  8  9 10 11 12 13 14 15 16 |
---------------+-------------------------------------------------+-----
Unarmed Combat | 3 4 5 6 8 10 12 14 16 18 19 20 21 22 | 22.5
Fighting       | 2 3 4 5 6 7 8 |  8.0
Translocations | 3 |  3.1
Armour         | 2 4 5 6 7 7 8 9 |  9.4
Throwing       | 2 3 |  3.5
Dodging        | 2 |  2.9
Shields        | |  0.3
Spellcasting   | |  1.1

Action                     |  1- 3 |  4- 6 |  7- 9 | 10-12 | 13-15 | 16-18 || total
---------------------------+-------+-------+-------+-------+-------+-------++-------
  Melee: Unarmed           |   111 |   217 |   226 |   471 |   946 |   227 ||  2198
         Punch             |     1 |     4 |     8 |    38 |   108 |    25 ||   184
  Throw: Dart              |       |     6 |     5 |    35 |    20 |     3 ||    69
         Throwing net      |       |       |       |     1 |       |       ||     1
         Large rock        |       |       |       |       |    28 |     9 ||    37
         Boomerang         |       |       |       |       |    17 |    12 ||    29
   Cast: Blink             |       |     4 |       |     2 |       |       ||     6
 Invoke: Sacrifice Love    |       |       |       |     1 |       |       ||     1
         Sacrifice Forms   |       |       |       |     1 |       |       ||     1
         Sacrifice Purity  |       |       |       |     1 |       |       ||     1
         Sacrifice Skill   |       |       |       |       |     1 |       ||     1
         Draw Out Power    |       |       |       |       |     3 |       ||     3
         Sacrifice Arcana  |       |       |       |       |     1 |       ||     1
         Apocalypse        |       |       |       |       |     1 |       ||     1
         Sacrifice Stealth |       |       |       |       |     1 |       ||     1
         Power Leap        |       |       |       |       |       |     2 ||     2
         Sacrifice Drink   |       |       |       |       |       |     1 ||     1
  Evoke: Wand              |       |       |     4 |    29 |    23 |     2 ||    58
         Gell's gravitambo |       |       |       |     1 |     4 |     1 ||     6
         Lightning rod     |       |       |       |       |    10 |     2 ||    12
    Use: Scroll            |       |    10 |    11 |     7 |     7 |     3 ||    38
         Potion            |       |     1 |       |       |     4 |       ||     5
   Stab: Petrified         |       |       |       |     5 |     5 |       ||    10
         Invisible         |       |       |       |       |     8 |     5 ||    13
         Distracted        |       |       |       |       |     3 |     1 ||     4
         Paralysed         |       |       |       |       |     5 |     4 ||     9
 Armour: Robe              |    65 |   120 |    37 |       |       |       ||   222
         Acid dragon scale |       |       |   143 |   181 |   450 |       ||   774
         Troll leather arm |       |       |       |   195 |       |       ||   195
         Fire dragon scale |       |       |       |       |   316 |   159 ||   475
         Skin              |       |       |       |       |     3 |       ||     3
  Dodge: Dodged            |    49 |    94 |    82 |   150 |   319 |    46 ||   740
         Repelled          |       |       |       |       |       |    11 ||    11
  Block: Other             |       |       |       |       |       |    20 ||    20
         Reflection        |       |       |       |       |       |     4 ||     4

Table legend: (Time is in decaauts)
 A = Elapsed time spent in this place.
 B = Non-inter-level travel time spent in this place.
 C = Inter-level travel time spent in this place.
 D = Time resting spent in this place.
 E = Time spent auto-exploring this place.
 F = Levels seen in this place.
 G = Mean time per level.
                   A        B        C        D        E       F      G
               +--------+--------+--------+--------+--------+-----+--------+
         Total |  22780 |  21063 |   1717 |   1997 |  14380 |  28 |  813.6 |
       Dungeon |  13603 |  12375 |   1228 |   1056 |   8689 |  15 |  906.9 |
          Lair |   5270 |   4892 |    378 |    481 |   3440 |   5 | 1054.0 |
        Shoals |   1004 |   1004 |      0 |    219 |    556 |   2 |  502.0 |
  Orcish Mines |   1304 |   1196 |    108 |    131 |    811 |   2 |  652.0 |
        Depths |      5 |      5 |      0 |      0 |      0 |   1 |    5.0 |
        Bazaar |    100 |    100 |      0 |      0 |     63 |   1 |  100.0 |
       Ossuary |    546 |    546 |      0 |     64 |    272 |   1 |  546.0 |
      Ice Cave |    945 |    945 |      0 |     44 |    549 |   1 |  945.0 |
               +--------+--------+--------+--------+--------+-----+--------+

Top non-repeatable levels by time:
    D:10: 1583 daAuts
    D:14: 1507 daAuts
  Lair:3: 1388 daAuts
  Lair:5: 1116 daAuts
     D:1: 1112 daAuts
     D:4: 1107 daAuts
     D:9: 1065 daAuts
    D:13: 1051 daAuts
  Lair:2: 1038 daAuts
   Orc:2: 1023 daAuts
  Lair:4: 964 daAuts
   IceCv: 945 daAuts
     D:8: 883 daAuts
    D:11: 848 daAuts
     D:2: 800 daAuts
